 Dungeon Crawl Stone Soup version 0.18-a0-1147-g8e8348b (webtiles) character file.

172 st0uf the Ruffian (level 5, -7/41 HPs)
             Began as a Draconian Transmuter on Jan 22, 2016.
             Mangled by Grinder (9 damage)
             ... on level 3 of the Dungeon.
             The game lasted 00:11:50 (3404 turns).

st0uf the Ruffian (Draconian Transmuter)            Turns: 3404, Time: 00:11:51

Health: -7/41      AC:  2    Str: 12    XL:     5   Next: 27%
Magic:  4/8        EV: 20    Int: 15    God:
Gold:   70         SH:  0    Dex: 16    Spells: 3 memorised, 2 levels left

rFire  . . .     SeeInvis .       - Unarmed
rCold  . . .     Gourm    .     (armour unavailable)
rNeg   . . .     Faith    .     (shield currently unavailable)
rPois  x         Spirit   .     (helmet currently unavailable)
rElec  .         Dismiss  .     (cloak currently unavailable)
rCorr  .         Reflect  .     (gloves currently unavailable)
SustAt .         Harm     .     (boots currently unavailable)
MR     .....                    (no amulet)
Stlth  +.........               (no ring)
                                (no ring)

@: spider-form (expiring), not resistant to hostile enchantments, very
unstealthy
A: unfitting armour, (cold-blooded), AC +5
a: End Transformation


You were on level 3 of the Dungeon.
You were not hungry.
You were a venomous arachnid creature.
You visited 1 branch of the dungeon, and saw 4 of its levels.

You collected 70 gold pieces.

Inventory:

Missiles
 a - 12 arrows
 o - 11 poisoned arrows
Armour
 j - a +0 cloak (melded)
Jewellery
 h - an uncursed ring of protection from magic {unknown}
 n - a +3 ring of protection {unknown}
Wands
 q - a wand of cold (9/15)
Scrolls
 d - 2 scrolls of identify {unknown}
 f - a scroll of remove curse {unknown}
 k - a scroll of random uselessness {unknown}
 m - a scroll of fear {unknown}
 p - a scroll of teleportation {unknown}
 s - a scroll of noise {unknown}
Potions
 e - 2 potions of mutation {unknown}
 l - a potion of heal wounds {unknown}
 r - 2 potions of invisibility {unknown}
Books
 b - a book of Changes

   Spells                             Type                      Level
   a - Beastly Appendage              Transmutation                1
   b - Sticks to Snakes               Transmutation                2
   c - Spider Form                    Transmutation/Poison         3
   d - Ice Form                       Ice/Transmutation            4
   e - Blade Hands                    Transmutation                5
Miscellaneous
 v - a plain deck of escape
Comestibles
 c - 2 bread rations
 g - 2 beef jerkies
 i - 3 fruits
 t - a meat ration
 u - 3 chunks of flesh


   Skills:
 + Level 1.8 Fighting
 + Level 2.5 Dodging
 * Level 4.6 Unarmed Combat
 + Level 2.3 Spellcasting
 * Level 3.1 Transmutations


You had 2 spell levels left.
You knew the following spells:

 Your Spells              Type           Power        Failure   Level  Hunger
a - Beastly Appendage     Trmt           ##....       21%         1    #......
b - Sticks to Snakes      Trmt           ##......     28%         2    ###....
c - Spider Form           Trmt/Pois      #.........   56%         3    ###....


Dungeon Overview and Level Annotations

Branches:
Dungeon (4/15)
 Temple: D:4-7

Altars:
Kikubaaqudgha
Nemelex Xobeh
Okawaru
Sif Muna

Annotations:
D:3 Grinder
D:4 Edmund


Innate Abilities, Weirdness & Mutations

((Your plain brown scales are hard (AC +5).))
Your body does not fit into most forms of armour.
((You are cold-blooded and may be slowed by cold attacks.))


Message History

You barely resist. Grinder hits you.
* * * LOW HITPOINT WARNING * * *
You writhe in agony.
* * * LOW HITPOINT WARNING * * *
Grinder hits you but does no damage.
You can move again.
You hit Grinder.
Grinder is heavily wounded.
Some of the chunks of flesh in your inventory have rotted away.
You closely miss Grinder.
Grinder is heavily wounded.
Grinder says, "FISH!"
Grinder hits you.
* * * LOW HITPOINT WARNING * * *
You writhe in agony. x2
You hit Grinder but do no damage.
Grinder is heavily wounded.
Grinder hits you!
You die...

#.# #.# #.#.# #.# #.#.#
#####.# #.#.#
#.....######.#
#.#.##.####.#..........#
#.#.##...........<.....#
####.#.#######.#.........##
.....#.#######.#.5.......#
...............#s........#
.#####.#########.........#
.# #.# ##########.. .# #.#
# .# #.# .# #.# .# #.#
.#####.# ...>...#


You could see Grinder.

Vanquished Creatures
  An orc priest (D:3)
  Robin (D:1)
  4 adders
  5 worms
  10 orcs (D:3)
  5 bats
  A giant cockroach (D:2)
  12 goblins
  11 hobgoblins
  5 jackals
  3 quokkas
  3 giant newts
  6 kobolds
  2 rats
69 creatures vanquished.

Notes
Turn   | Place    | Note
--------------------------------------------------------------
     0 | D:1      | st0uf the Draconian Transmuter began the quest for the Orb.
     0 | D:1      | Reached XP level 1. HP: 16/16 MP: 3/3
   295 | D:1      | Reached XP level 2. HP: 23/23 MP: 3/5
   313 | D:2      | Noticed Robin
   399 | D:1      | Killed Robin
  1112 | D:1      | Reached XP level 3. HP: 24/28 MP: 4/6
  1217 | D:2      | Found an iron altar of Okawaru.
  1405 | D:2      | Reached skill level 4 in Unarmed Combat
  1483 | D:2      | Reached XP level 4. HP: 35/35 MP: 5/7
  1527 | D:2      | Learned a level 2 spell: Sticks to Snakes
  1531 | D:2      | Learned a level 3 spell: Spider Form
  1584 | D:2      | Found a deep blue altar of Sif Muna.
  2211 | D:3      | Found an ancient bone altar of Kikubaaqudgha.
  2741 | D:3      | Reached XP level 5. HP: 6/41 MP: 8/8
  3123 | D:3      | Found a sparkling altar of Nemelex Xobeh.
  3380 | D:4      | Noticed Grinder
  3389 | D:4      | Noticed Edmund
  3397 | D:3      | Paralysed by Grinder for 5 turns
  3403 | D:3      | HP: 2/41 [Grinder (4)]
  3404 | D:3      | Mangled by Grinder

Vault maps used:
D:1:      grunt_arrival_lava_bath, kennysheep_crisscross,
          minmay_misc_feat_nine_boxes
D:2:      led_sif_pool, okawaru_ov_weapons_minmay, uniq_robin
D:3:      lemuel_doored_altar, old_standard_altar, nemelex_deck
D:4:      bloody_trog, nicolae_overflow_crystal_walls, uniq_pikel, uniq_grinder,
          uniq_edmund

Action                   |  1- 3 |  4- 6 || total
-------------------------+-------+-------++-------
Melee: Unarmed           |   132 |   169 ||   301
 Cast: Beastly Appendage |    23 |    24 ||    47
       Spider Form       |       |     2 ||     2
  Eat: Chunk             |     2 |     7 ||     9
